 Dungeon Crawl Stone Soup version 0.32-a0-913-g739538afd8 (webtiles) character file.

Game seed: 12299620367203318654

58 SolCadguy the Chopper (level 4, 0/33 HPs)
             Began as a Coglin Gladiator on Apr 7, 2024.
             Slain by Robin
             ... wielding a +0 club
              (3 damage)
             ... on level 2 of the Dungeon.
             The game lasted 00:03:34 (1163 turns).

SolCadguy the Chopper (Coglin Gladiator)            Turns: 1163, Time: 00:03:35

Health: 0/33       AC:  4    Str: 16    XL:     4   Next: 2%
Magic:  4/4        EV: 11    Int:  7    God:
Gold:   42         SH:  0    Dex: 16    Spells: 3/3 levels left

rFire   . . .        a - +0 war axe {Luis}
rCold   . . .        k - +0 hand axe {Pancho}
rNeg    . . .        b - +0 leather armour
rPois   .            c - +0 helmet
rElec   .            o - scarf {repulsion}
rCorr   .            (no gloves)
SInv    .            (no boots)
Will    .....        (amulet unavailable)
Stlth   +            (ring unavailable)
HPRegen 0.25/turn    (ring unavailable)
MPRegen 0.09/turn    (no gizmo)

%: repel missiles
@: revved
A: off-hand wielding, slow wielding, warmup strikes, no jewellery
a: Invent Gizmo


You were on level 2 of the Dungeon.
You visited 1 branch of the dungeon, and saw 2 of its levels.

You collected 42 gold pieces.

Inventory:

Hand Weapons
 a - a +0 war axe (weapon) {Luis}
 f - a +0 dagger {Yongsun}
 k - a +0 hand axe (offhand) {Pancho}
Missiles
 d - 3 throwing nets
 e - a javelin
 l - 3 stones (quivered)
Armour
 b - a +0 leather armour (worn)
 c - a +0 helmet (worn)
 n - a +0 plate armour
 o - a scarf of repulsion (worn)
Scrolls
 g - 2 scrolls of amnesia {unknown}
 i - a scroll of noise {unknown}
 j - a scroll of torment {unknown}
 m - 3 scrolls of teleportation {unknown}
 p - 2 scrolls of identify {unknown}
Potions
 h - a potion of mutation {unknown}


   Skills:
 - Level 2.0 Fighting
 + Level 4.8 Axes
 - Level 1.7 Throwing
 - Level 2.6 Dodging


You had 3 spell levels left.
You didn't know any spells.
Your spell library contained the following spells:

 Spells                   Type           Power      Damage    Failure   Level
 Sting                    Conj/Alch      0%         1d3       50%         1
 Mercury Vapours          Alch/Air       0%         N/A       65%         2
 Olgreb's Toxic Radiance  Alch           0%         N/A       99%         4


Dungeon Overview and Level Annotations

Branches:
Dungeon (2/15)

Altars:

Shops:
D:1 (

Annotations:
D:2 Robin


Innate Abilities, Weirdness & Mutations

You can wield a second weapon in your off-hand.
It takes a long time for you to wield or remove held weapons.
Your first few attacks do less damage.
You cannot equip rings or amulets.


Message History

You hit the goblin with your +0 war axe.
The goblin is severely wounded.
You hit the goblin with your +0 hand axe.
You kill the goblin!
A goblin comes into view. It is wielding a +0 club.
Robin misses you.
The goblin no longer looks unusually strong.
Robin attacks as they pursue you! Robin barely misses you.
You see here a +0 dagger.
Robin roars a battlecry!
The goblin goes into a battle-frenzy!
Robin throws the goblin at you!
You barely miss the goblin with your +0 hand axe.
You barely miss the goblin with your +0 war axe.
The goblin barely misses you. The goblin attacks as it pursues you!
The goblin hits you with a +0 club.
* * * LOW HITPOINT WARNING * * *
You closely miss the goblin with your +0 war axe.
You hit the goblin with your +0 hand axe.
You kill the goblin!
The hobgoblin no longer looks unusually strong.
You have reached level 4!
You feel agile.
The hobgoblin attacks as it pursues you!
The hobgoblin misses you.
You see here a +0 robe.
You hit the hobgoblin but do no damage.
You barely miss the hobgoblin with your +0 war axe.
The hobgoblin barely misses you.
You closely miss the hobgoblin with your +0 war axe.
You hit the hobgoblin with your +0 hand axe.
You hit the hobgoblin with your +0 war axe.
You kill the hobgoblin!
Robin attacks as they pursue you! Robin hits you with a +0 club.
* * * LOW HITPOINT WARNING * * *
You barely miss Robin with your +0 hand axe.
You barely miss Robin with your +0 war axe.
Robin hits you with a +0 club.
You die...
Robin lets out a smug laugh.

.. ###.....## ## ..
#.....# .##########..#
...#.....#..##########
#))#†.#..#......<.....
#..#..#..#..##########
#)g#..#..#..#
##)##.##.##.#
#..#@.#..#.#
#g)#g†#..###
#..#g.#..###
#..)..#..†.##########
##########...........
#.# .#............#
.>. .#####†######..
#.# ##...###.# ##. #.#
##.....##.# ##


You could see Robin and a goblin (strong).

Vanquished Creatures
  A gnoll (D:1)
  A dart slug (D:1)
  3 ball pythons (D:1)
  4 bats
  4 endoplasms
  2 hobgoblins
  3 jackals (D:2)
  3 kobolds
  2 quokkas (D:2)
  4 frilled lizards
  11 goblins
  3 rats
41 creatures vanquished.

Notes
Turn   | Place    | Note
-------+----------+-------------------------------------------
     0 | D:1      | SolCadguy the Coglin Gladiator began the quest for the Orb.
     0 | D:1      | Reached XP level 1. HP: 16/16 MP: 1/1
    77 | D:1      | Found a faded altar of an unknown god.
   161 | D:1      | Reached XP level 2. HP: 22/22 MP: 2/2
   394 | D:1      | Found Gaodyppu's Antique Weapon Emporium.
   474 | D:1      | Reached skill level 4 in Axes
   523 | D:1      | Reached XP level 3. HP: 27/27 MP: 3/3
  1139 | D:2      | Noticed Robin
  1158 | D:2      | Reached XP level 4. HP: 4/33 MP: 4/4
  1163 | D:2      | Slain by Robin

Illustrated notes

Levels and vault maps discovered:
D:1:      dpeg_arrival_tiny_h, layout_loops_ring,
          dreamdust_ecumenical_altar_statues, serial_shops,
          nicolae_shop_just_a_little_nook
D:2:      minmay_angry_zag, layout_rooms, dreamdust_mushroom_princess,
          uniq_robin

Skill      XL: |  1  2 |
---------------+-------+-----
Axes           | 4 |  4.8
Fighting       | |  2.0
Throwing       | |  1.7
Dodging        | |  2.6

Action                     |  1- 3 |  4- 6 || total
---------------------------+-------+-------++-------
  Melee: War axe           |    63 |     4 ||    67
         Dagger            |    31 |       ||    31
         Hand axe          |    22 |     3 ||    25
 Armour: Leather armour    |    44 |     2 ||    46
  Dodge: Dodged            |    43 |     2 ||    45

Table legend: (Time is in decaauts)
 A = Elapsed time spent in this place.
 B = Non-inter-level travel time spent in this place.
 C = Inter-level travel time spent in this place.
 D = Time resting spent in this place.
 E = Time spent auto-exploring this place.
 F = Levels seen in this place.
 G = Mean time per level.
                   A        B        C        D        E       F      G
               +--------+--------+--------+--------+--------+-----+--------+
         Total |   1175 |   1119 |     56 |      0 |    868 |   2 |  587.5 |
       Dungeon |   1175 |   1119 |     56 |      0 |    868 |   2 |  587.5 |
               +--------+--------+--------+--------+--------+-----+--------+

Top non-repeatable levels by time:
     D:1: 814 daAuts
     D:2: 361 daAuts
